[ AOE2 MATCH · #508661928 ]
UnrankedByzantines vs Civ #60
Player's team · WIN
Rival team · LOSS
[ REPLAY ANALYSIS · EXTRACTED FROM THE RECORDED GAME ]
Feudal
8:52
Castle
22:52
Imperial
36:23
| APM avg | 89.5 |
| APM peak | 193 |
| eAPM avg | 55.9 |
| Villagers / military | 167 / 79 |
Focus
⚔️ 60.7% · 🌾 39.3%
Cataphract ×23 · Skirmisher ×23 · Spearman ×12 · Knight ×8 · Monk ×5 · Bombard Cannon ×4
Feudal
11:46
Castle
25:34
Imperial
41:48
| APM avg | 56.4 |
| APM peak | 81 |
| eAPM avg | 36.0 |
| Villagers / military | 250 / 47 |
Focus
⚔️ 42.2% · 🌾 57.8%
Skirmisher ×20 · Unknown (2705) ×20 · Unknown (2703) ×12 · Monk ×6 · Battering Ram ×6 · Knight ×5
Match map
Initial resources + every placement click. Lines = walls · curves = elevation contours. ◆ gold · ⬟ stone · ● berries · ✦ relic · ◌ wall gap
Your base· Open — unwalled flank
OS+ | TheKroks's base· Open — 14t gap
Smoothed initial terrain · ◌ = detected wall gap · hover for details
Inputs per minute
— AiM | Whocl - - OS+ | TheKroks
Build order — AiM | Whocl
First 150 of 482 actions detected
| 0:02 | Queue | Villager (Male) |
| 0:03 | Build | House |
| 0:04 | Build | House |
| 0:12 | Queue | Villager (Male) ×3 |
| 1:35 | Queue | Villager (Male) |
| 2:04 | Queue | Villager (Male) |
| 2:28 | Queue | Villager (Male) |
| 2:53 | Queue | Villager (Male) |
| 3:02 | Queue | Villager (Male) |
| 3:23 | Build | Lumber Camp |
| 3:33 | Queue | Villager (Male) |
| 3:38 | Build | House |
| 3:59 | Queue | Villager (Male) |
| 4:25 | Queue | Villager (Male) |
| 4:32 | Build | Mill |
| 4:51 | Queue | Villager (Male) |
| 5:25 | Queue | Villager (Male) |
| 5:50 | Queue | Villager (Male) |
| 6:16 | Research | Loom |
| 6:37 | Research | Feudal Age |
| 8:19 | Build | House |
| 8:24 | Build | Barracks |
| 8:52 | Age | Feudal Age |
| 8:54 | Queue | Spearman |
| 8:56 | Queue | Villager (Male) |
| 9:00 | Build | Archery Range |
| 9:13 | Queue | Villager (Male) |
| 9:19 | Queue | Spearman |
| 9:20 | Build | House |
| 9:35 | Queue | Spearman |
| 9:56 | Queue | Spearman |
| 9:56 | Queue | Villager (Male) |
| 9:58 | Build | Farm |
| 9:59 | Queue | Villager (Male) |
| 10:10 | Queue | Spearman |
| 10:29 | Build | House |
| 10:47 | Queue | Spearman |
| 10:48 | Queue | Villager (Male) |
| 11:05 | Queue | Villager (Male) |
| 11:08 | Build | House |
| 11:09 | Build | House |
| 11:23 | Queue | Villager (Male) |
| 11:29 | Build | Archery Range |
| 11:34 | Build | Palisade Wall |
| 11:35 | Build | House |
| 11:36 | Build | Palisade Wall |
| 11:43 | Queue | Villager (Male) |
| 12:04 | Queue | Skirmisher |
| 12:04 | Queue | Skirmisher |
| 12:09 | Queue | Villager (Male) |
| 12:21 | Build | Palisade Wall |
| 12:22 | Build | House |
| 12:24 | Build | Palisade Wall |
| 12:25 | Build | Palisade Wall |
| 12:25 | Build | Palisade Wall |
| 12:26 | Build | Palisade Wall |
| 12:27 | Build | Palisade Wall |
| 12:35 | Queue | Skirmisher |
| 12:39 | Queue | Villager (Male) |
| 12:49 | Queue | Villager (Male) |
| 12:51 | Build | Farm |
| 12:57 | Queue | Skirmisher |
| 13:02 | Build | House |
| 13:28 | Queue | Villager (Male) |
| 13:41 | Queue | Skirmisher |
| 13:41 | Queue | Villager (Male) |
| 13:46 | Build | Farm |
| 13:47 | Build | Farm |
| 13:55 | Build | Watch Tower |
| 13:58 | Build | Stone Wall |
| 13:59 | Build | Stone Wall |
| 14:01 | Build | Stone Wall |
| 14:01 | Build | Stone Wall |
| 14:06 | Build | Stone Wall |
| 14:11 | Queue | Skirmisher |
| 14:14 | Queue | Villager (Male) |
| 14:16 | Build | Farm |
| 14:17 | Build | Farm |
| 14:23 | Queue | Skirmisher |
| 14:27 | Build | House |
| 14:28 | Build | House |
| 14:39 | Build | Gate |
| 14:57 | Queue | Skirmisher |
| 14:59 | Queue | Villager (Male) |
| 15:04 | Build | Farm |
| 15:10 | Build | House |
| 15:14 | Build | Stone Wall |
| 15:18 | Queue | Skirmisher |
| 15:36 | Build | House |
| 15:41 | Queue | Villager (Male) |
| 15:50 | Queue | Skirmisher |
| 15:58 | Queue | Villager (Male) |
| 15:59 | Build | Farm |
| 16:00 | Build | Farm |
| 16:13 | Build | Blacksmith |
| 16:17 | Queue | Skirmisher |
| 16:19 | Queue | Villager (Male) |
| 16:24 | Build | House |
| 16:25 | Build | Palisade Wall |
| 16:48 | Queue | Skirmisher |
| 16:51 | Queue | Spearman |
| 16:52 | Queue | Villager (Male) |
| 16:59 | Queue | Skirmisher |
| 17:00 | Queue | Villager (Male) |
| 17:02 | Build | Farm |
| 17:02 | Build | Farm |
| 17:03 | Build | Farm |
| 17:03 | Build | Farm |
| 17:06 | Queue | Skirmisher |
| 17:20 | Queue | Skirmisher |
| 17:34 | Queue | Villager (Male) |
| 17:40 | Queue | Spearman |
| 18:06 | Queue | Skirmisher |
| 18:14 | Queue | Villager (Male) |
| 18:23 | Build | Mining Camp |
| 18:26 | Queue | Villager (Male) |
| 18:29 | Build | Palisade Wall |
| 18:33 | Build | Farm |
| 18:38 | Queue | Villager (Male) |
| 18:44 | Build | Palisade Wall |
| 18:47 | Queue | Skirmisher |
| 18:50 | Queue | Villager (Male) |
| 18:57 | Build | Farm |
| 18:58 | Build | Farm |
| 18:58 | Build | Farm |
| 19:04 | Queue | Skirmisher |
| 19:26 | Queue | Spearman |
| 19:44 | Build | Stable |
| 19:55 | Build | Mining Camp |
| 20:12 | Research | Castle Age |
| 20:12 | Research | Castle Age |
| 20:13 | Build | Farm |
| 20:17 | Build | House |
| 20:22 | Queue | Spearman |
| 20:35 | Build | Lumber Camp |
| 20:46 | Build | Palisade Wall |
| 20:49 | Build | Palisade Wall |
| 20:52 | Build | Palisade Gate |
| 21:12 | Queue | Spearman |
| 21:22 | Build | Farm |
| 21:23 | Build | Palisade Wall |
| 21:24 | Build | Palisade Wall |
| 21:25 | Build | Palisade Wall |
| 21:34 | Build | Palisade Gate |
| 21:52 | Research | Double-Bit Axe |
| 21:58 | Queue | Skirmisher |
| 22:09 | Build | Farm |
| 22:11 | Build | Farm |
| 22:21 | Build | Palisade Wall |
| 22:24 | Research | Horse Collar |
Build order — OS+ | TheKroks
First 150 of 503 actions detected
| 0:01 | Queue | Villager (Male) |
| 0:02 | Build | House |
| 0:05 | Queue | Villager (Male) |
| 0:05 | Queue | Villager (Male) |
| 0:09 | Queue | Villager (Male) |
| 0:09 | Queue | Villager (Male) |
| 0:41 | Build | Lumber Camp |
| 1:28 | Build | House |
| 1:29 | Build | House |
| 1:30 | Queue | Villager (Male) |
| 1:30 | Queue | Villager (Male) |
| 1:30 | Queue | Villager (Male) |
| 2:10 | Queue | Villager (Male) |
| 2:10 | Queue | Villager (Male) |
| 2:39 | Queue | Villager (Male) |
| 2:39 | Queue | Villager (Male) |
| 3:00 | Queue | Villager (Male) |
| 3:30 | Queue | Villager (Male) |
| 3:32 | Build | Mill |
| 3:55 | Queue | Villager (Male) |
| 3:55 | Queue | Villager (Male) |
| 4:18 | Queue | Villager (Male) |
| 4:18 | Queue | Villager (Male) |
| 4:27 | Build | House |
| 4:37 | Queue | Villager (Male) |
| 4:38 | Queue | Villager (Male) |
| 4:50 | Queue | Villager (Male) |
| 4:50 | Queue | Villager (Male) |
| 5:06 | Queue | Villager (Male) |
| 5:17 | Build | Lumber Camp |
| 5:21 | Build | Lumber Camp |
| 5:46 | Queue | Villager (Male) |
| 5:57 | Queue | Villager (Male) |
| 5:57 | Queue | Villager (Male) |
| 6:00 | Queue | Villager (Male) |
| 6:03 | Queue | Villager (Male) |
| 6:03 | Queue | Villager (Male) |
| 6:16 | Queue | Villager (Male) |
| 6:16 | Queue | Villager (Male) |
| 6:48 | Queue | Villager (Male) |
| 6:48 | Queue | Villager (Male) |
| 6:48 | Queue | Villager (Male) |
| 6:52 | Build | House |
| 7:02 | Build | Palisade Wall |
| 7:21 | Queue | Villager (Male) |
| 7:22 | Queue | Villager (Male) |
| 7:42 | Build | Mining Camp |
| 7:46 | Queue | Villager (Male) |
| 7:46 | Queue | Villager (Male) |
| 7:55 | Queue | Villager (Male) |
| 7:55 | Queue | Villager (Male) |
| 7:55 | Queue | Villager (Male) |
| 8:06 | Queue | Villager (Male) |
| 8:14 | Queue | Villager (Male) |
| 8:14 | Queue | Villager (Male) |
| 8:21 | Queue | Villager (Male) |
| 8:21 | Queue | Villager (Male) |
| 8:34 | Queue | Villager (Male) |
| 8:57 | Build | Mining Camp |
| 9:00 | Research | Loom |
| 9:11 | Research | Feudal Age |
| 9:11 | Research | Feudal Age |
| 9:56 | Build | House |
| 9:59 | Build | House |
| 10:00 | Build | House |
| 10:03 | Build | Palisade Wall |
| 10:06 | Build | Palisade Wall |
| 10:07 | Queue | Villager (Male) |
| 10:07 | Queue | Villager (Male) |
| 10:15 | Queue | Villager (Male) |
| 10:20 | Queue | Villager (Male) |
| 10:25 | Queue | Villager (Male) |
| 10:28 | Queue | Villager (Male) |
| 10:31 | Build | Barracks |
| 10:36 | Queue | Villager (Male) |
| 10:59 | Queue | Villager (Male) |
| 11:07 | Queue | Villager (Male) |
| 11:32 | Queue | Militia |
| 11:32 | Queue | Militia |
| 11:32 | Queue | Militia |
| 11:46 | Queue | Villager (Male) |
| 11:46 | Age | Feudal Age |
| 11:52 | Build | Watch Tower |
| 11:56 | Research | Double-Bit Axe |
| 12:06 | Build | Watch Tower |
| 12:21 | Research | Wheelbarrow |
| 12:29 | Build | Watch Tower |
| 12:31 | Queue | Villager (Male) |
| 12:36 | Queue | Villager (Male) |
| 12:42 | Queue | Villager (Male) |
| 12:50 | Queue | Villager (Male) |
| 12:51 | Queue | Villager (Male) |
| 12:54 | Queue | Villager (Male) |
| 13:17 | Build | Watch Tower |
| 13:22 | Build | Watch Tower |
| 13:30 | Build | House |
| 13:43 | Queue | Villager (Male) |
| 13:50 | Build | Mining Camp |
| 13:56 | Build | House |
| 13:56 | Queue | Villager (Male) |
| 14:14 | Build | Lumber Camp |
| 14:22 | Queue | Villager (Male) |
| 14:26 | Build | House |
| 14:26 | Build | House |
| 14:30 | Build | House |
| 14:38 | Build | House |
| 14:48 | Queue | Villager (Male) |
| 14:55 | Queue | Villager (Male) |
| 15:02 | Queue | Villager (Male) |
| 15:04 | Build | Blacksmith |
| 15:17 | Build | Stable |
| 15:32 | Queue | Villager (Male) |
| 15:37 | Queue | Villager (Male) |
| 15:50 | Queue | Villager (Male) |
| 16:00 | Queue | Scout Cavalry |
| 16:02 | Queue | Villager (Male) |
| 16:06 | Queue | Villager (Male) |
| 16:15 | Queue | Scout Cavalry |
| 16:25 | Build | Mining Camp |
| 16:26 | Queue | Villager (Male) |
| 16:39 | Queue | Villager (Male) |
| 17:08 | Queue | Villager (Male) |
| 17:08 | Queue | Villager (Male) |
| 17:22 | Queue | Villager (Male) |
| 17:27 | Build | Farm |
| 17:27 | Build | Farm |
| 17:28 | Build | Farm |
| 17:39 | Queue | Villager (Male) |
| 17:51 | Research | Fletching |
| 17:53 | Queue | Villager (Male) |
| 18:06 | Build | Watch Tower |
| 18:09 | Queue | Villager (Male) |
| 18:09 | Queue | Villager (Male) |
| 18:10 | Queue | Villager (Male) |
| 18:20 | Queue | Villager (Male) |
| 18:20 | Queue | Villager (Male) |
| 18:20 | Queue | Villager (Male) |
| 18:42 | Queue | Villager (Male) |
| 18:45 | Queue | Scout Cavalry |
| 18:45 | Queue | Scout Cavalry |
| 18:57 | Build | Farm |
| 18:59 | Build | Farm |
| 19:24 | Build | Farm |
| 19:30 | Queue | Villager (Male) |
| 19:54 | Queue | Villager (Male) |
| 20:01 | Build | Farm |
| 20:03 | Build | Farm |
| 20:11 | Build | Farm |
| 20:23 | Build | Farm |
| 20:33 | Build | Lumber Camp |
Match timeline
| 7:02 | OS+ | TheKroks · wall_segment Palisade Wall x2 |
| 8:24 | AiM | Whocl · first_building Barracks |
| 8:52 | AiM | Whocl · age_up feudal |
| 9:00 | AiM | Whocl · first_building Archery Range |
| 10:03 | OS+ | TheKroks · wall_segment Palisade Wall x1 |
| 10:06 | OS+ | TheKroks · wall_segment Palisade Wall x1 |
| 10:31 | OS+ | TheKroks · first_building Barracks |
| 11:34 | AiM | Whocl · wall_segment Palisade Wall x1 |
| 11:36 | AiM | Whocl · wall_segment Palisade Wall x1 |
| 11:46 | OS+ | TheKroks · age_up feudal |
| 12:21 | AiM | Whocl · wall_segment Palisade Wall x1 |
| 12:24 | AiM | Whocl · wall_segment Palisade Wall x1 |
| 12:25 | AiM | Whocl · wall_segment Palisade Wall x1 |
| 12:25 | AiM | Whocl · wall_segment Palisade Wall x1 |
| 12:26 | AiM | Whocl · wall_segment Palisade Wall x1 |
| 12:27 | AiM | Whocl · wall_segment Palisade Wall x1 |
| 13:58 | AiM | Whocl · wall_segment Stone Wall x1 |
| 13:59 | AiM | Whocl · wall_segment Stone Wall x1 |
| 14:01 | AiM | Whocl · wall_segment Stone Wall x1 |
| 14:01 | AiM | Whocl · wall_segment Stone Wall x1 |
| 14:06 | AiM | Whocl · wall_segment Stone Wall x1 |
| 15:14 | AiM | Whocl · wall_segment Stone Wall x1 |
| 15:17 | OS+ | TheKroks · first_building Stable |
| 16:25 | AiM | Whocl · wall_segment Palisade Wall x1 |
| 18:29 | AiM | Whocl · wall_segment Palisade Wall x1 |
| 18:44 | AiM | Whocl · wall_segment Palisade Wall x1 |
| 19:44 | AiM | Whocl · first_building Stable |
| 20:46 | AiM | Whocl · wall_segment Palisade Wall x1 |
| 20:49 | AiM | Whocl · wall_segment Palisade Wall x1 |
| 21:23 | AiM | Whocl · wall_segment Palisade Wall x1 |
| 21:24 | AiM | Whocl · wall_segment Palisade Wall x1 |
| 21:25 | AiM | Whocl · wall_segment Palisade Wall x1 |
| 22:14 | OS+ | TheKroks · wall_segment Stone Wall x20 |
| 22:21 | AiM | Whocl · wall_segment Palisade Wall x1 |
| 22:31 | OS+ | TheKroks · first_market_buy 100 food |
| 22:52 | AiM | Whocl · age_up castle |
| 25:34 | OS+ | TheKroks · wall_segment Palisade Wall x1 |
| 25:34 | OS+ | TheKroks · age_up castle |
| 25:35 | OS+ | TheKroks · wall_segment Palisade Wall x1 |
| 25:38 | OS+ | TheKroks · wall_segment Palisade Wall x1 |
| 25:49 | AiM | Whocl · first_building Monastery |
| 26:11 | OS+ | TheKroks · wall_segment Palisade Wall x1 |
| 26:16 | OS+ | TheKroks · wall_segment Palisade Wall x1 |
| 26:17 | OS+ | TheKroks · wall_segment Palisade Wall x1 |
| 28:18 | OS+ | TheKroks · first_market_sell 100 stone |
| 28:45 | OS+ | TheKroks · first_building Monastery |
| 29:20 | OS+ | TheKroks · first_building Castle |
| 30:26 | AiM | Whocl · first_building Castle |
| 31:35 | OS+ | TheKroks · first_building Siege Workshop |
| 32:34 | AiM | Whocl · wall_segment Stone Wall x1 |
| 33:03 | AiM | Whocl · first_market_sell 100 stone |
| 33:03 | AiM | Whocl · first_market_buy 100 food |
| 36:23 | AiM | Whocl · age_up imperial |
| 37:44 | AiM | Whocl · first_building Siege Workshop |
| 40:20 | OS+ | TheKroks · first_building Archery Range |
| 41:48 | OS+ | TheKroks · age_up imperial |
| 42:24 | OS+ | TheKroks · resign |
[ AI ANALYSIS · 1 CREDIT ]
What really happened in this match?
Wolo.gg analyzes every decision: build order, eco, micro, common mistakes by bracket. Personalized analysis on WhatsApp or Discord in 30 seconds.
Civ guide
Byzantines
Perfil
Jugador #2309468